 Dungeon Crawl Stone Soup version 0.31-a0-182-gc5ef74bbde (webtiles) character file.

Game seed: 13550502633096197817

43369 rabbitsville the Warrior (level 14, 0/178 HPs)
             Began as a Hill Orc Reaver on June 21, 2023.
             Was a High Priest of Jiyva.
             Slain by a death yak (11 damage)
             ... on level 5 of the Lair of Beasts.
             The game lasted 00:50:21 (12087 turns).

rabbitsville the Warrior (Hill Orc Reaver)         Turns: 12087, Time: 00:50:21

Health: 0/178      AC: 33    Str: 25    XL:     14   Next: 23%
Magic:  21/21      EV:  8    Int: 12    God:    Jiyva [*****.]
Gold:   490        SH:  0    Dex: 11    Spells: 19/20 levels left

rFire   . . .        A - +0 battleaxe
rCold   . . .        (shield currently unavailable)
rNeg    . . .        B - +9 plate armour of Experimentation {rElec Stlth+}
rPois   .            G - +0 helmet
rElec   +            k - +0 cloak "Zixeastra" {Regen+ rCorr Slay+3}
rCorr   +            (no gloves)
SInv    .            (no boots)
Will    +....        (no amulet) Stlth
                     (no ring)
HPRegen 2.73/turn    (no ring)
MPRegen 0.62/turn

%: no passive effects
@: lethally poisoned (0 -> 0), slowed, very slow
A: iridescent scales 3, agile 1, high MP 1, mutation resistance 1, sense
surroundings 3, robust 3, strong 2, wild magic 1, MP-powered wands
a: Renounce Religion, Oozemancy, Slimify


You were on level 5 of the Lair of Beasts.
You worshipped Jiyva.
Jiyva was extremely pleased with you.
You visited 2 branches of the dungeon, and saw 16 of its levels.

You collected 630 gold pieces.
You spent 140 gold pieces at shops.

Inventory:

Hand Weapons
 a - a +0 hand axe
 y - a +4 hand axe
 A - a +0 battleaxe (weapon)
Missiles
 v - a throwing net
Armour
 b - a +0 leather armour
 h - a +0 cloak
 k - the +0 cloak "Zixeastra" (worn) {Regen+ rCorr Slay+3}
   (You found it on level 4 of the Dungeon)

   Slay:      It affects your accuracy & damage with ranged weapons and melee
   (+3).
   Regen:     It increases your rate of health regeneration.
   rCorr:     It protects you from acid and corrosion.
 o - +0 steam dragon scales
 B - the +9 plate armour of Experimentation (worn) {rElec Stlth+}
   (You found it on level 8 of the Dungeon)

   rElec:     It insulates you from electricity.
   Stlth:     It makes you more stealthy.
 G - a +0 helmet (worn)
Jewellery
 x - a +4 ring of protection
Wands
 g - a wand of paralysis (20)
 i - a wand of quicksilver (10)
 m - a wand of iceblast (15)
 w - a wand of mindburst (8)
Scrolls
 f - 8 scrolls of identify {unknown}
 l - a scroll of fear
 q - a scroll of summoning {unknown}
 s - 2 scrolls of poison {unknown}
 t - 3 scrolls of enchant armour {unknown}
 u - 4 scrolls of teleportation {unknown}
 C - a scroll of fog {unknown}
 D - 2 scrolls of vulnerability {unknown}
 H - a scroll of amnesia {unknown}
 I - a scroll of immolation {unknown}
 J - a scroll of brand weapon {unknown}
Potions
 c - 2 potions of heal wounds
 d - 3 potions of lignification {unknown}
 e - a potion of enlightenment {unknown}
 j - a potion of degeneration {unknown}
 n - 2 potions of cancellation {unknown}
 p - 3 potions of attraction {unknown}
 r - a potion of ambrosia {unknown}
 z - 3 potions of curing
 E - a potion of brilliance {unknown}
 F - a potion of might {unknown}


   Skills:
 - Level 16.1 Fighting
 + Level 14.9 Axes
 + Level 12.7 Armour
 - Level 2.1 Dodging
 - Level 3.6 Spellcasting
 - Level 3.3 Conjurations
 + Level 11.7 Evocations


You had 19 spell levels left.
You knew the following spells:

 Your Spells              Type           Power      Damage    Failure   Level
a - Kiss of Death         Conj/Necr      32%        2d7       77%         1

Your spell library contained the following spells:

 Spells                   Type           Power      Damage    Failure   Level
 Momentum Strike          Conj/Tloc      16%        3d8       88%         2
 Static Discharge         Conj/Air       16%        2-3/arc   88%         2
 Cigotuvi's Dreadful Rot  Necr/Pois/Air  4%         N/A       98%         2
 Hailstorm                Conj/Ice       8%         3d4       98%         3
 Confusing Touch          Hex            2%         N/A       100%        3
 Ignite Poison            Fire/Tmut/Pois 2%         N/A       100%        3
 Inner Flame              Hex/Fire       2%         N/A       100%        3
 Spider Form              Tmut/Pois      2%         N/A       100%        3
 Airstrike                Air            1%         2d(1-17)  100%        4
 Animate Armour           Summ/Erth      4%         N/A       100%        4
 Dispel Undead            Necr           2%         3d7       100%        4
 Flame Wave               Conj/Fire      8%         2d5       100%        4
 Sticky Flame             Conj/Fire      8%         2d3       100%        4
 Summon Lightning Spire   Summ/Air       2%         N/A       100%        4
 Blade Hands              Tmut           1%         N/A       100%        5
 Eringya's Noxious Bog    Tmut/Pois      1%         N/A       100%        6
 Storm Form               Tmut/Air       1%         N/A       100%        7
 Ignition                 Fire           1%         3d3       100%        8


Dungeon Overview and Level Annotations

Branches:
Dungeon (11/15)            Temple (0/1) D:6            Lair (5/5) D:9
 Shoals (0/4) Lair:3       Spider (0/4) Lair:3          Orc (0/2) D:11
  Slime: Lair:4-5

Altars:
Ashenzari
Gozag
Okawaru
Trog
Zin
The Shining One
Jiyva

Shops:
D:1 *   D:5 [*![*

Annotations:
D:10 exclusion: ice statue


Innate Abilities, Weirdness & Mutations

You are completely covered in iridescent scales. (AC +6)
You are agile. (Dex +4, Str/Int -1)
You have an increased reservoir of magic. (+10% MP)
You are somewhat resistant to further mutation.
You passively map a large area around you.
You are extremely robust. (+30% HP)
Your muscles are very strong. (Str +8, Int/Dex -2)
Your spells are a little harder to cast, but a little more powerful.
You expend magic power (3 MP) to strengthen your wands.


Message History

You barely miss the death yak.
The death yak is moderately wounded.
You slash the death yak! You hit the yak. You slash the death yak!
You completely miss the cane toad. You hit the death yak but do no damage.
You slash the death yak! The cane toad barely misses you.
The death yak gores you!! The death yak gores you!
The death yak gores you but does no damage.
The death yak gores you!
The death yak gores you but does no damage.
The yak closely misses you. The cane toad stings you.
You are poisoned.
The cane toad poisons you!
The death yak gores you but does no damage. x2
The death yak gores you!
* * * LOW HITPOINT WARNING * * *
The death yak gores you but does no damage.
Okay, then.
As you read the scroll of fear, it crumbles to dust.
You assume a fearsome visage.
The bullfrog looks frightened!
The tyrant leech resists with some effort.
The blink frog looks frightened!
The cane toad looks frightened!
The torpor snail resists with almost no effort.
The yak looks frightened! x3
The death yak resists with almost no effort.
The death yak easily resists.
The death yak resists with almost no effort.
The death yak looks frightened! x2
You feel very sick.
The blink frog blinks!
The death yak gores you!
* * * LOW HITPOINT WARNING * * *
The death yak gores you!
* * * LOW HITPOINT WARNING * * *
A bullfrog comes into view.
The blink frog blinks!
You feel very sick.
The bullfrog gives a loud, deep croak!
The blink frog blinks!
The death yak gores you!!
* * * LOW HITPOINT WARNING * * *
The death yak gores you!
You die...

**
.~.~~.......~........
, , *
.~.......~...#P.<....
,, *
.......F.##F.P.......,
, ,,
..........#..........
, , ,
...............F.....,
, ,
.......Y...Y.........
...........Y.........
, ,
........§wY.†........
, ,
.........wY@Y........
..........Y.†........
*
.....................
, ,
...........Y........#
,,
,................####.
,................# * ,
,,......<.....#..##
..........###### *
.........##


You could see 5 death yaks, a tyrant leech, a torpor snail, 3 yaks, a cane toad
(fleeing) and 2 bullfrogs.

Vanquished Creatures
  Kirke (Lair:3)
  A stone giant (D:11)
  5 hydras
  A catoblepas (Lair:4)
  3 two-headed ogres
  3 death yaks
  A skeletal warrior (D:11)
  A goliath frog (Lair:5)
  3 harpies (Lair:3)
  A cyclops (D:11)
  9 elephants
  A manticore (D:7)
  4 black mambas
  A gargoyle (D:10)
  A torpor snail (Lair:4)
  10 cane toads
  4 unseen horrors
  A rime drake (Lair:3)
  4 komodo dragons
  2 trolls
  2 hornets
  Prince Ribbit (D:6)
  16 blink frogs
  11 dream sheep (Lair:4)
  A shadow (D:7)
  25 yaks
  4 hogs (Lair:4)
  7 basilisks
  2 steam dragons
  Eustachio (D:6)
  8 vampire mosquitoes
  Edmund (D:6)
  2 acid dragons
  Duvessa (D:6)
  8 water moccasins
  5 orc warriors
  An ice beast (D:7)
  A black bear (Lair:3)
  A sky beast (D:7)
  26 wolves
  An ogre (D:5)
  3 centaurs
  A phantom (D:5)
  4 kobold brigands
  12 bullfrogs
  2 gnoll sergeants
  7 scorpions
  8 wights (D:8)
  Dowan (D:6)
  3 hounds
  3 orc priests
  2 gnoll boudas
  A sleepcap (D:6)
  3 iguanas
  7 orc wizards
  16 gnolls
  4 adders
  A white imp (D:5)
  2 worms (D:2)
  A dart slug (D:4)
  21 orcs
  9 bats (D:1)
  2 endoplasms (D:1)
  5 giant cockroaches
  6 goblins
  A hobgoblin (D:2)
  7 jackals
  2 ball pythons (D:1)
  3 frilled lizards
  25 kobolds
  3 rats
347 creatures vanquished.

Vanquished Creatures (collateral kills)
  A frost giant (D:11)
  2 boulder beetles (D:11)
  A troll (D:11)
4 creatures vanquished.

Vanquished Creatures (others)
  A rime drake (Lair:2)
  A slime creature (D:11)
  2 yaks (D:11)
  A wyvern (Lair:1)
  A water moccasin (Lair:1)
  An orc warrior (D:9)
  2 centaurs
  2 bullfrogs
  A howler monkey (D:9)
  51 jellies
  2 hounds
  3 orc priests
  An iguana (D:7)
  An orc wizard (D:3)
  An ufetubus (D:5)
  A dart slug (D:5)
  8 orcs
  A hobgoblin (D:3)
  A quokka (D:3)
  A bat (D:3)
  2 kobolds (D:7)
85 creatures vanquished.

Grand Total: 436 creatures vanquished

Notes
Turn   | Place    | Note
-------+----------+-------------------------------------------
     0 | D:1      | rabbitsville the Hill Orc Reaver began the quest for the
                  | Orb.
     0 | D:1      | Reached XP level 1. HP: 18/18 MP: 3/3
   171 | D:1      | Found Beis's General Store.
   230 | D:1      | Reached XP level 2. HP: 20/24 MP: 4/4
   663 | D:1      | Reached XP level 3. HP: 30/30 MP: 5/5
   776 | D:2      | Got the Papyrus of Transformed Toxicants
   937 | D:2      | Found a faded altar of an unknown god.
   960 | D:2      | Reached skill level 3 in Fighting
   996 | D:2      | Prayed at the altar of an unknown god.
   996 | D:2      | Became a worshipper of Jiyva Jupecerr the Shapeless
   996 | D:2      | Reached * piety under Jiyva
  1119 | D:2      | Found a glowing golden altar of the Shining One.
  1354 | D:3      | Reached skill level 5 in Axes
  1354 | D:3      | Reached XP level 4. HP: 26/37 MP: 4/6
  1573 | D:3      | Reached ** piety under Jiyva
  1893 | D:4      | Reached skill level 4 in Fighting
  1893 | D:4      | Reached XP level 5. HP: 43/46 MP: 7/7
  2006 | D:4      | Reached *** piety under Jiyva
  2432 | D:4      | Gained mutation: You have an increased reservoir of magic.
                  | (+10% MP) [Jiyva's grace]
  2432 | D:4      | Gained mutation: You have a considerably increased
                  | reservoir of magic. (+20% MP) [Jiyva's grace]
  2432 | D:4      | Gained mutation: You have a greatly increased reservoir of
                  | magic. (+30% MP) [Jiyva's grace]
  2432 | D:4      | Gained mutation: Your melee attacks may engulf your foes in
                  | ooze. [Jiyva's grace]
  2472 | D:4      | Identified the +0 cloak "Zixeastra" {Regen+ rCorr Slay+3}
  2616 | D:5      | Entered Level 5 of the Dungeon
  2616 | D:5      | Noticed a centaur
  2700 | D:5      | Found Qyubowny's Armour Shoppe.
  2701 | D:5      | Killed a centaur
  2880 | D:5      | Noticed a phantom
  2903 | D:5      | Killed a phantom
  2904 | D:5      | Reached skill level 5 in Fighting
  2904 | D:5      | Reached XP level 6. HP: 56/56 MP: 11/11
  2974 | D:5      | Found Cedae's Assorted Antiques.
  3115 | D:5      | Found Ixzu's Armour Shop.
  3153 | D:5      | Lost mutation: Your melee attacks may engulf your foes in
                  | ooze. [potion of mutation]
  3153 | D:5      | Lost mutation: You have a greatly increased reservoir of
                  | magic. (+30% MP) [potion of mutation]
  3153 | D:5      | Lost mutation: You have a considerably increased reservoir
                  | of magic. (+20% MP) [potion of mutation]
  3153 | D:5      | Gained mutation: You are vulnerable to heat. (rF-) [potion
                  | of mutation]
  3153 | D:5      | Gained mutation: You are agile. (Dex +4, Str/Int -1)
                  | [potion of mutation]
  3153 | D:5      | Gained mutation: You are partially covered in iridescent
                  | scales. (AC +2) [potion of mutation]
  3154 | D:5      | Found Diargh's Distillery.
  3279 | D:5      | Bought a potion of heal wounds for 70 gold pieces
  3316 | D:5      | Found Vishrosaa's General Store.
  3326 | D:5      | Bought a potion of heal wounds for 70 gold pieces
  3434 | D:6      | Noticed Duvessa
  3434 | D:6      | Noticed Dowan
  3452 | D:6      | Reached skill level 6 in Fighting
  3452 | D:6      | Reached XP level 7. HP: 36/63 MP: 8/10
  3455 | D:6      | Killed Duvessa
  3475 | D:6      | Killed Dowan
  3521 | D:6      | Noticed Eustachio
  3522 | D:6      | Noticed Edmund
  3528 | D:6      | Killed Eustachio
  3529 | D:6      | Reached skill level 7 in Fighting
  3531 | D:6      | Killed Edmund
  3532 | D:6      | Reached XP level 8. HP: 73/73 MP: 9/11
  3585 | D:6      | Noticed Prince Ribbit
  3700 | D:6      | Killed Prince Ribbit
  3701 | D:6      | Reached skill level 8 in Fighting
  3730 | D:6      | Found a staircase to the Ecumenical Temple.
  3806 | D:6      | Reached skill level 10 in Axes
  3873 | D:6      | Reached skill level 9 in Fighting
  4072 | D:6      | Found a broken altar of Ashenzari.
  4271 | D:6      | Reached XP level 9. HP: 84/84 MP: 12/12
  4375 | D:7      | Noticed a two-headed ogre
  4450 | D:7      | Noticed a troll
  4453 | D:7      | Reached skill level 10 in Fighting
  4454 | D:7      | Killed a troll
  4713 | D:7      | Noticed a red ugly thing
  4745 | D:7      | Found a glowing silver altar of Zin.
  4795 | D:7      | Reached skill level 11 in Fighting
  4804 | D:7      | Noticed a manticore
  4837 | D:7      | Killed a manticore
  4905 | D:7      | Killed an unseen horror
  4906 | D:7      | Reached XP level 10. HP: 63/97 MP: 13/13
  4994 | D:7      | Reached skill level 12 in Fighting
  5102 | D:7      | Noticed a wizard
  5295 | D:8      | Noticed a two-headed ogre
  5320 | D:8      | Killed a two-headed ogre
  5409 | D:8      | Reached skill level 13 in Fighting
  5512 | D:8      | Lost mutation: You are vulnerable to heat. (rF-) [Jiyva's
                  | grace]
  5512 | D:8      | Gained mutation: You are mostly covered in iridescent
                  | scales. (AC +4) [Jiyva's grace]
  5512 | D:8      | Gained mutation: You are completely covered in iridescent
                  | scales. (AC +6) [Jiyva's grace]
  5512 | D:8      | Gained mutation: Your spells are a little harder to cast,
                  | but a little more powerful. [Jiyva's grace]
  5512 | D:8      | Gained mutation: Your spells are harder to cast, but more
                  | powerful. [Jiyva's grace]
  5816 | D:8      | Noticed a two-headed ogre
  5833 | D:8      | Killed a two-headed ogre
  5895 | D:8      | Identified the +9 plate armour of Experimentation {rElec
                  | Stlth+}
  6007 | D:9      | Reached XP level 11. HP: 105/107 MP: 18/18
  6024 | D:9      | Reached skill level 1 in Armour
  6024 | D:9      | Reached skill level 1 in Evocations
  6085 | D:9      | Found an iron altar of Okawaru.
  6118 | D:9      | Found a staircase to the Lair.
  6149 | D:9      | Reached **** piety under Jiyva
  6172 | D:9      | Found a bloodstained altar of Trog.
  6297 | D:9      | Found an opulent altar of Gozag.
  6761 | D:10     | Entered Level 10 of the Dungeon
  6942 | D:10     | Reached ***** piety under Jiyva
  7297 | D:10     | Lost mutation: You are completely covered in iridescent
                  | scales. (AC +6) [Jiyva's grace]
  7297 | D:10     | Gained mutation: You are completely covered in iridescent
                  | scales. (AC +6) [Jiyva's grace]
  7297 | D:10     | Gained mutation: Your muscles are strong. (Str +4, Int/Dex
                  | -1) [Jiyva's grace]
  7297 | D:10     | Gained mutation: Your muscles are very strong. (Str +8,
                  | Int/Dex -2) [Jiyva's grace]
  7297 | D:10     | Gained mutation: You are covered in slimy tendrils that may
                  | disarm your opponents. [Jiyva's grace]
  7456 | D:11     | Found a staircase to the Orcish Mines.
  7532 | D:11     | Noticed a two-headed ogre
  7544 | D:11     | Killed a two-headed ogre
  7553 | D:11     | Reached skill level 5 in Armour
  7600 | D:11     | Noticed a boulder beetle
  7613 | D:11     | Killed a boulder beetle
  7614 | D:11     | Reached skill level 14 in Fighting
  7614 | D:11     | Reached skill level 5 in Evocations
  7693 | D:11     | Paralysed by a hornet for 2 turns
  7755 | D:11     | Noticed a boulder beetle
  7784 | D:11     | Killed a boulder beetle
  7851 | D:11     | Noticed a stone giant
  7859 | D:11     | Killed a stone giant
  7860 | D:11     | Reached XP level 12. HP: 105/117 MP: 19/19
  7938 | D:11     | Noticed a frost giant
  7953 | D:11     | Killed a frost giant
  8480 | Lair:1   | Entered Level 1 of the Lair of Beasts
  9269 | Lair:2   | Lost mutation: Your spells are harder to cast, but more
                  | powerful. [Jiyva's grace]
  9269 | Lair:2   | Lost mutation: You are covered in slimy tendrils that may
                  | disarm your opponents. [Jiyva's grace]
  9269 | Lair:2   | Gained mutation: You are robust. (+10% HP) [Jiyva's grace]
  9269 | Lair:2   | Gained mutation: You are very robust. (+20% HP) [Jiyva's
                  | grace]
  9269 | Lair:2   | Gained mutation: You are extremely robust. (+30% HP)
                  | [Jiyva's grace]
  9269 | Lair:2   | Gained mutation: You expend magic power (3 MP) to
                  | strengthen your wands. [Jiyva's grace]
  9527 | Lair:2   | Reached skill level 15 in Fighting
  9559 | Lair:2   | Reached ****** piety under Jiyva
  9656 | Lair:2   | Noticed a six-headed hydra
  9722 | Lair:2   | Killed a six-headed hydra
 10039 | Lair:3   | Noticed a six-headed hydra
 10049 | Lair:3   | Killed an eight-headed hydra
 10050 | Lair:3   | Reached XP level 13. HP: 150/165 MP: 20/20
 10173 | Lair:3   | Reached skill level 10 in Armour
 10213 | Lair:3   | Found a hole to the Spider Nest.
 10325 | Lair:3   | Found a staircase to the Shoals.
 10836 | Lair:4   | Gained mutation: You passively map a small area around you.
                  | [Jiyva's grace]
 10836 | Lair:4   | Gained mutation: You passively map the area around you.
                  | [Jiyva's grace]
 10836 | Lair:4   | Gained mutation: You passively map a large area around you.
                  | [Jiyva's grace]
 10836 | Lair:4   | Gained mutation: You are somewhat resistant to further
                  | mutation. [Jiyva's grace]
 10859 | Lair:4   | Reached skill level 10 in Evocations
 11245 | Lair:4   | Noticed Kirke
 11358 | Lair:3   | Killed Kirke
 11500 | Lair:4   | Reached skill level 16 in Fighting
 11570 | Lair:4   | Reached XP level 14. HP: 178/178 MP: 21/21
 11921 | Lair:5   | Entered Level 5 of the Lair of Beasts
 12087 | Lair:5   | Slain by a death yak

Illustrated notes

Levels and vault maps discovered:
D:1:      grunt_arrival_crossed_arrows, layout_loops_ring, serial_shops,
          nicolae_shop_waterfront
D:2:      layout_basic, hellmonk_ecumenical_altar_arch_garden, basic_altar,
          serial_park_tiny_2, hangedman_decor_points, minmay_pentomino_r2
D:3:      layout_basic
D:4:      layout_cave_pods, kennysheep_generic_room_6
D:5:      layout_basic, serial_shops, shop, shop, shop, nicolae_lakefront_shop,
          nicolae_shop_crystal
D:6:      layout_basic, general_overflow_altar, minmay_temple_entry_glass,
          uniq_edmund, uniq_eustachio, uniq_duvessa, uniq_prince_ribbit1
D:7:      minmay_the_grid_plus_closed [minmay_the_grid_zigzag_pyramid,
          minmay_the_grid_plusring, minmay_the_grid_pillar_ring,
          minmay_the_grid_eight, minmay_the_grid_prize_inner_circle],
          layout_basic, zin_scriptorium, minmay_small_thing
D:8:      layout_gridville
D:9:      layout_cave_pods, mainiacjoe_overflow_cross_hatched,
          okawaru_metal_pillars_1_2, nicolae_gozag_seed_capital,
          lair_entry_dummy, kennysheep_generic_room_14
D:10:     lemuel_ice_statue, layout_loops_ring
D:11:     nzn_winding_woodlands_cross [nzn_winding_woodlands_5x15_lazy_stream,
          nzn_winding_woodlands_5x15_pockets,
          nzn_winding_woodlands_5x15_pathside_ponds,
          nzn_winding_woodlands_5x15_jagged,
          nzn_winding_woodlands_15x15_thick_spiral], layout_basic,
          nicolae_titane
Lair:1:   layout_long_grid, lemuel_fruit_fields
Lair:2:   layout_big_grid
Lair:3:   layout_roguey, nicolae_shoals_entry_roost, spider_nest_entry_web_field
Lair:4:   layout_cave_pods, grunt_forest_stairs_basic, st_stairs_4,
          grunt_megastairs_4, serial_bayou_shore_b, uniq_kirke
Lair:5:   minmay_lair_end_frog_pond, layout_hall_layers, slime_entry_1

Skill      XL: |  1  2  3  4  5  6  7  8  9 10 11 12 13 |
---------------+----------------------------------------+-----
Dodging        | 2 |  2.1
Fighting       | 3 4 5 6 7 9 11 13 14 15 16 | 16.1
Axes           | 5 6 7 8 10 13 14 | 14.9
Spellcasting   | 3 |  3.6
Armour         | 6 9 12 | 12.7
Evocations     | 6 9 11 | 11.7
Conjurations   | |  3.3

Action                     |  1- 3 |  4- 6 |  7- 9 | 10-12 | 13-15 || total
---------------------------+-------+-------+-------+-------+-------++-------
  Melee: Hand axe          |   176 |    95 |   325 |   164 |       ||   760
         Punch             |     1 |       |     6 |     3 |       ||    10
         Battleaxe         |       |       |       |   379 |   310 ||   689
         Unarmed           |       |       |       |       |     3 ||     3
  Throw: Throwing net      |       |       |       |     2 |       ||     2
   Cast: Kiss of Death     |     2 |       |     1 |     1 |       ||     4
 Invoke: Oozemancy         |       |     2 |     3 |     6 |     2 ||    13
  Evoke: Wand              |       |     1 |       |       |       ||     1
    Use: Scroll            |       |     2 |       |       |     1 ||     3
         Potion            |       |     1 |       |       |     2 ||     3
   Stab: Petrified         |       |       |       |       |     8 ||     8
 Armour: Leather armour    |    67 |    31 |    22 |       |       ||   120
         Steam dragon scal |       |       |    59 |    33 |       ||    92
         Plate armour      |       |       |       |   447 |   536 ||   983
  Dodge: Dodged            |   128 |    65 |   150 |   210 |   252 ||   805

Table legend: (Time is in decaauts)
 A = Elapsed time spent in this place.
 B = Non-inter-level travel time spent in this place.
 C = Inter-level travel time spent in this place.
 D = Time resting spent in this place.
 E = Time spent auto-exploring this place.
 F = Levels seen in this place.
 G = Mean time per level.
                   A        B        C        D        E       F      G
               +--------+--------+--------+--------+--------+-----+--------+
         Total |  12051 |  11649 |    402 |     79 |   7005 |  16 |  753.2 |
       Dungeon |   8383 |   8078 |    305 |     29 |   4774 |  11 |  762.1 |
          Lair |   3668 |   3571 |     97 |     50 |   2230 |   5 |  733.6 |
               +--------+--------+--------+--------+--------+-----+--------+

Top non-repeatable levels by time:
  Lair:4: 1139 daAuts
    D:11: 1112 daAuts
     D:4: 937 daAuts
  Lair:3: 925 daAuts
     D:6: 815 daAuts
     D:7: 803 daAuts
     D:8: 791 daAuts
  Lair:1: 790 daAuts
     D:9: 783 daAuts
     D:1: 774 daAuts
     D:5: 752 daAuts
  Lair:2: 708 daAuts
    D:10: 612 daAuts
     D:2: 500 daAuts
     D:3: 499 daAuts
